 Dungeon Crawl Stone Soup version 0.30-a0-743-gbfdf073431 (webtiles) character file.

Game seed: 16854589734340339784

140 MachoJfn the Magician (level 5, -2/35 HPs)
             Began as a Demonspawn Hedge Wizard on Feb 7, 2023.
             Was an Initiate of Yredelemnul.
             Killed from afar by an orc wizard (12 damage)
             ... with a puff of flame
             ... on level 3 of the Dungeon.
             The game lasted 00:09:19 (2191 turns).

MachoJfn the Magician (Demonspawn Hedge Wizard)     Turns: 2191, Time: 00:09:20

Health: -2/35      AC:  2    Str:  9 (10) XL:     5   Next: 2%
Magic:  2/11       EV: 12    Int: 18      God:    Yredelemnul [......]
Gold:   150        SH:  0    Dex: 13 (14) Spells: 11/12 levels left

rFire   . . .      SeeInvis .    s - +2 dagger (speed)
rCold   . . .      Faith    .    (no shield)
rNeg    . . .      Spirit   .    b - +0 robe
rPois   +          Reflect  .    c - +0 hat
rElec   .          Harm     .    (no cloak)
rCorr   .          Rampage  .    (no gloves)
Will    +....                    (no boots)
Stlth   +++                      (no amulet)
HPRegen 0.25/turn                e - ring of willpower
MPRegen 0.12/turn                l - ring of poison resistance

@: no status effects
A: thin skeletal structure 1, ignite blood 1
a: Renounce Religion, Recall Undead Harvest


You were on level 3 of the Dungeon.
You worshipped Yredelemnul.
Yredelemnul was noncommittal.
You visited 1 branch of the dungeon, and saw 3 of its levels.

You collected 150 gold pieces.

Inventory:

Hand Weapons
 s - a +2 dagger of speed (weapon)
Armour
 b - a +0 robe (worn)
 c - a +0 hat (worn)
Jewellery
 e - a ring of willpower (left hand)
 l - a ring of poison resistance (right hand)
Wands
 q - a wand of flame (7)
Scrolls
 g - a scroll of fear {unknown}
 j - a scroll of fog {unknown}
 m - 2 scrolls of noise
 n - 2 scrolls of immolation
 p - a scroll of teleportation {unknown}
 r - a scroll of magic mapping {unknown}
Potions
 d - a potion of magic
 f - a potion of invisibility {unknown}
 h - a potion of resistance {unknown}
 i - a potion of heal wounds {unknown}
 k - 2 potions of degeneration
 o - a potion of lignification {unknown}


   Skills:
 + Level 0.2 Fighting
 + Level 1.2 Short Blades
 + Level 2.3 Dodging
 + Level 2.1 Stealth
 + Level 4.2 Spellcasting
 + Level 2.1 Conjurations
 + Level 1.0 Summonings
 + Level 0.8 Translocations


You had 11 spell levels left.
You knew the following spells:

 Your Spells              Type           Power      Damage    Failure   Level
a - Magic Dart            Conj           44%        1d5       6%          1

Your spell library contained the following spells:

 Spells                   Type           Power      Damage    Failure   Level
 Slow                     Hex            12%        N/A       14%         1
 Call Imp                 Summ           7%         N/A       14%         2
 Blink                    Tloc           12%        N/A       16%         2
 Cigotuvi's Dreadful Rot  Necr/Pois/Air  6%         N/A       22%         2
 Mephitic Cloud           Conj/Pois/Air  6%         N/A       32%         3


Dungeon Overview and Level Annotations

Branches:
Dungeon (3/15)

Altars:
Yredelemnul


Innate Abilities, Weirdness & Mutations

You have a somewhat thin skeletal structure. (Dex +2, Stealth+)
Your demonic aura sometimes causes spilled blood to erupt in flames.


Message History

The magic dart hits you.
Casting: Magic Dart (safe; 6% risk of failure)
Confirm with . or Enter, or press ? or * to list all spells.
Aiming: Magic Dart (safe; 6% risk of failure)
Press: ? - help, Shift-Dir - straight line, f/p - orc
Aim: an orc, wielding a +0 short sword and wearing a +0 leather armour (100% to hit)
You miscast Magic Dart.
You are very lightly contaminated with residual magic.
Nothing appears to happen.
You hear some strange, mumbled words.
A magic dart appears from out of thin air!
The magic dart hits you!
You barely miss something. You hit the orc.
The orc is moderately wounded.
You hear some strange, mumbled words.
A puff of flame appears from out of thin air!
The puff of flame hits you. The orc barely misses you.
You hit the orc.
The orc is heavily wounded.
Your orc zombie hits something but does no damage.
The orc completely misses you. Something hits you.
You hit the orc.
The orc is almost dead.
You closely miss the orc.
The orc is almost dead.
The orc hits you with a +0 short sword.
* * * LOW HITPOINT WARNING * * *
Your orc zombie misses something.
Something hits you.
* * * LOW HITPOINT WARNING * * *
Your orc zombie misses the orc.
You hit the orc.
You kill the orc!
You start resting.
Your magical contamination has completely faded away.
You start resting.
A puff of flame appears from out of thin air!
The puff of flame hits you!
You die...
Your body rises from the dead as a mindless zombie.

.. #.....# . ...
..##.###.# ..
.)##.##)###.# ...
..#.##)#.#.# ....
#.#.##)#.#.# .....
#.#{#)...#.#
.!....#.....<#.Z.#
#).....)#.##.#.#.#
.......Z@......#.#
........#.####.###
........#... #.#
........####.#.#
........# #.#
....##..# #.# ....
#... #.# ## ..$ .#


You could see a friendly orc zombie.

Vanquished Creatures
  Robin (D:2)
  3 adders (D:2)
  2 dart slugs (D:1)
  6 orcs (D:3)
  2 ball pythons (D:1)
  6 bats
  6 endoplasms
  3 giant cockroaches
  4 goblins (D:2)
  7 hobgoblins
  3 kobolds
  3 frilled lizards
  4 rats
50 creatures vanquished.

Vanquished Creatures (collateral kills)
  2 adders (D:2)
  2 ball pythons (D:2)
  3 endoplasms (D:2)
  7 goblins (D:2)
  2 hobgoblins (D:2)
  A kobold (D:2)
  A rat (D:2)
18 creatures vanquished.

Vanquished Creatures (others)
  2 adder zombies (D:2)
  2 bat zombies (D:2)
  A ball python zombie (D:2)
  An endoplasm zombie (D:3)
  A goblin zombie (D:2)
  2 orc zombies (D:3)
9 creatures vanquished.

Grand Total: 77 creatures vanquished

Notes
Turn   | Place    | Note
-------+----------+-------------------------------------------
     0 | D:1      | MachoJfn the Demonspawn Hedge Wizard began the quest for
                  | the Orb.
     0 | D:1      | Reached XP level 1. HP: 13/13 MP: 4/4
   247 | D:1      | Gained mutation: You have a somewhat thin skeletal
                  | structure. (Dex +2, Stealth+) [demonic ancestry]
   247 | D:1      | Reached XP level 2. HP: 19/19 MP: 4/6
  1151 | D:2      | Reached XP level 3. HP: 18/24 MP: 1/8
  1446 | D:2      | Found a faded altar of an unknown god.
  1468 | D:2      | Prayed at the altar of an unknown god.
  1468 | D:2      | Became a worshipper of Yredelemnul the Dark
  1468 | D:2      | Reached * piety under Yredelemnul
  1547 | D:2      | Reached ** piety under Yredelemnul
  1547 | D:2      | Reached XP level 4. HP: 18/30 MP: 6/9
  1657 | D:2      | Reached skill level 1 in Short Blades
  1657 | D:2      | Reached skill level 4 in Spellcasting
  1757 | D:2      | Noticed Robin
  1771 | D:2      | Killed Robin
  1771 | D:2      | Reached *** piety under Yredelemnul
  2172 | D:3      | Gained mutation: Your demonic aura sometimes causes spilled
                  | blood to erupt in flames. [demonic ancestry]
  2172 | D:3      | Reached XP level 5. HP: 35/35 MP: 7/11
  2191 | D:3      | Killed from afar by an orc wizard

Illustrated notes

Levels and vault maps discovered:
D:1:      lemuel_arrival_cross, layout_rooms, st_stairs_12, corexii_corridor_pit
D:2:      layout_rooms, basic_altar, shapermc_ecumenical_altar_venn, uniq_robin
D:3:      layout_basic, minmay_unequal, uniq_ijyb, uniq_sigmund, uniq_jessica

Skill      XL: |  1  2  3  4 |
---------------+-------------+-----
Dodging        | 2 |  2.3
Stealth        | 2 |  2.1
Short Blades   | 1 |  1.2
Spellcasting   | 4 |  4.2
Conjurations   | 2 |  2.1
Fighting       | |  0.2
Summonings     | |  1.0
Translocations | |  0.8

Action                     |  1- 3 |  4- 6 || total
---------------------------+-------+-------++-------
  Melee: Dagger            |    56 |    41 ||    97
   Cast: Magic Dart        |    79 |    20 ||    99
    Use: Potion            |     1 |       ||     1
         Scroll            |     2 |       ||     2
   Stab: Distracted        |       |     1 ||     1
         Sleeping          |       |     1 ||     1
 Armour: Robe              |    25 |     4 ||    29
  Dodge: Dodged            |    57 |    37 ||    94

Table legend: (Time is in decaauts)
 A = Elapsed time spent in this place.
 B = Non-inter-level travel time spent in this place.
 C = Inter-level travel time spent in this place.
 D = Time resting spent in this place.
 E = Time spent auto-exploring this place.
 F = Levels seen in this place.
 G = Mean time per level.
                   A        B        C        D        E       F      G
               +--------+--------+--------+--------+--------+-----+--------+
         Total |   2182 |   1966 |    216 |    378 |   1213 |   3 |  727.3 |
       Dungeon |   2182 |   1966 |    216 |    378 |   1213 |   3 |  727.3 |
               +--------+--------+--------+--------+--------+-----+--------+

Top non-repeatable levels by time:
     D:1: 1145 daAuts
     D:2: 813 daAuts
     D:3: 223 daAuts
